 Dungeon Crawl Stone Soup version 0.32-a0-422-g28b100f618 (console) character file.

Game seed: 3429626196121458623

238 petzl the Sneak (level 6, -11/49 HPs)
             Began as a Formicid Delver on Feb 21, 2024.
             Mangled by an ogre
             ... wielding a +0 giant club
              (15 damage)
             ... on level 4 of the Dungeon.
             The game lasted 00:12:34 (2933 turns).

petzl the Sneak (Formicid Delver)                   Turns: 2933, Time: 00:12:35

Health: -11/49     AC: 12    Str: 17    XL:     6   Next: 28%
Magic:  10/10      EV: 12    Int: 11    God:
Gold:   94         SH:  0    Dex: 15    Spells: 11/11 levels left

rFire   . . .        a - +0 falchion (protect)
rCold   . . .        (no shield)
rNeg    . . .        m - +0 leather armour
rPois   .            (helmet unavailable)
rElec   .            (no cloak)
rCorr   .            p - +1 pair of gloves
SInv    +            (no boots)
Will    .....        q - amulet of regeneration
Stlth   +++          (no ring)
HPRegen 1.08/turn    (no ring)
MPRegen 0.12/turn

%: no passive effects
@: under a protective aura
A: permanent stasis, dig shafts and tunnels, antennae 3, four strong arms
a: Dig, Shaft Self


You were on level 4 of the Dungeon.
You visited 1 branch of the dungeon, and saw 6 of its levels.

You collected 121 gold pieces.
You spent 27 gold pieces at shops.

Inventory:

Hand Weapons
 a - a +0 falchion of protection (weapon)
 b - a +0 sling
 h - a +0 mace
 o - a +0 rapier
Missiles
 j - a boomerang
 k - 11 poisoned darts
Armour
 m - a +0 leather armour (worn)
 p - a +1 pair of gloves (worn)
Magical Staves
 c - a staff of death
Jewellery
 q - an amulet of regeneration (around neck)
 v - a ring of ice
 D - the ring "Gadimank" {rN+ SInv}
   (You found it on level 4 of the Dungeon)

   [ring of positive energy]

   rN+:       It protects you from negative energy.
   SInv:      It lets you see invisible.
Wands
 f - a wand of digging (10)
 y - a wand of polymorph (9)
 B - a wand of roots (7)
Scrolls
 d - a scroll of revelation
 g - a scroll of brand weapon {unknown}
 l - a scroll of enchant weapon {unknown}
 r - a scroll of noise {unknown}
 s - 2 scrolls of identify {unknown}
 t - a scroll of immolation {unknown}
 u - 4 scrolls of teleportation {unknown}
 x - a scroll of vulnerability {unknown}
 A - a scroll of fog
Potions
 e - a potion of lignification {unknown}
 i - a potion of heal wounds {unknown}
 n - a potion of curing {unknown}
 w - a potion of resistance {unknown}
 z - a potion of cancellation {unknown}


   Skills:
 + Level 4.4 Fighting
 - Level 2.0 Maces & Flails
 + Level 2.4 Ranged Weapons
 + Level 2.9 Dodging
 - Level 6.0 Stealth
 + Level 3.0 Spellcasting
 + Level 0.7 Evocations


You had 11 spell levels left.
You didn't know any spells.
Your spell library contained the following spells:

 Spells                   Type           Power      Damage    Failure   Level
 Jinxbite                 Hex            2%         N/A       43%         2
 Yara's Violent Unravell  Hex/Alch       0%         3d3       100%        5
 Enfeeble                 Hex            0%         N/A       100%        7


Dungeon Overview and Level Annotations

Branches:
Dungeon (6/15)
 Temple: D:4-7

Altars:
Nemelex Xobeh
Trog

Shops:
D:1 [*

Annotations:
D:2 1 runed translucent door, Crazy Yiuf
D:3 exclusion: downstairs
D:4 exclusion: downstairs


Innate Abilities, Weirdness & Mutations

You cannot be hasted, slowed, berserked, paralysed or teleported.
You can dig through walls and to a lower floor.
You have a pair of large antennae on your head. (SInv)
Your four strong arms can wield two-handed weapons with a shield.


Message History

You strike the helpless ogre from behind!
You slash the ogre!
Your weapon exudes an aura of protection.
The ogre is moderately wounded.
The ogre struggles against the net.
The net rips apart, and the ogre comes free!
Throw: throwing net
Press: ? - help, Q - select action, (/) - cycle Shift-Dir - straight line, f/p - ogre
Aim: an ogre, wielding a +0 giant club (moderately wounded, 73% to hit)
You throw a throwing net. The throwing net hits the ogre.
The ogre is caught in the net!
The ogre is moderately wounded.
The ogre struggles against the net.
You slash the ogre!
The ogre is heavily wounded.
The ogre struggles against the net. x2
You strike the helpless ogre from behind!
You hit the ogre.
The ogre is heavily wounded.
The ogre struggles against the net.
You hit the ogre.
The ogre is severely wounded.
The ogre struggles against the net.
You hit the ogre.
The ogre is almost dead.
The ogre struggles against the net.
The net rips apart, and the ogre comes free!
You barely miss the ogre.
The ogre is almost dead.
The ogre hits you with a +0 giant club!!
You hit the ogre.
The ogre is almost dead.
The ogre hits you with a +0 giant club!
Okay, then.
Unknown command.
Are you sure you want to shaft yourself?
The ogre hits you with a +0 giant club!
* * * LOW HITPOINT WARNING * * *
You begin to dig a shaft.
You continue digging a shaft.
The ogre hits you with a +0 giant club!
You die...

# #§#
#.#...........>...#####.#
#######.#
#.#......>..............#
........#
#.#############.#.#######
######### #.# #.#.# # #.#
#.#.# #.########### #.#.#
#.#.........# #.#.#
#.#.#######.# #.#.# #########
######.#.##### #.# #.#.#
........# #............# #.#
#.### #######.# #.####.#.###.#
#.# #.# #.# #.#
#.#.###.###.###.## #.# #.#
#.#..............# #.#
#.####.#..##..........# ###
#.# #....#.#..##..##.####.#
<.# #.# ####.#........##.# ###
#.# #.# #)###..###.##.# #.#
#.# #.# #.O##...#.# #.#
#.##########.# #..@......#
###.###.#..........#
##.##...###
........#.########.###<..##.##
###.#####.# #..........#
#.......##### #.###...#### #
######....<.## #.# #..## #
#.###...# #.# #.## # #.# #...#
#.# #.# # #.###†..###.# #.# #
#...........# #.# #
#...........# # #..........##
# #.###...#### ########.#
#...# .........# #.#...
########.###...### #
#..)###### # ###.(.###
#####.......#


You could see an ogre.

Vanquished Creatures
  An orc priest (D:4)
  An orc wizard (D:4)
  6 adders
  7 dart slugs
  4 orcs
  9 ball pythons
  7 bats
  5 endoplasms
  A giant cockroach (D:4)
  5 goblins
  3 hobgoblins
  3 jackals (D:2)
  4 quokkas
  5 frilled lizards
  4 kobolds
  3 rats
68 creatures vanquished.

Notes
Turn   | Place    | Note
-------+----------+-------------------------------------------
     0 | D:5      | petzl the Formicid Delver began the quest for the Orb.
     0 | D:5      | Reached XP level 1. HP: 18/18 MP: 1/1
    55 | D:6      | Noticed an iguana
   148 | D:6      | Noticed an orc wizard
   148 | D:6      | Noticed an orc wizard
   260 | D:6      | Noticed an iguana
   352 | D:5      | Noticed an ogre
   353 | D:5      | Noticed an iguana
   369 | D:4      | Reached skill level 1 in Spellcasting
   584 | D:4      | Noticed an orc priest
   755 | D:2      | Reached XP level 2. HP: 24/24 MP: 2/4
   952 | D:1      | Reached XP level 3. HP: 29/29 MP: 5/5
  1076 | D:1      | Reached skill level 1 in Ranged Weapons
  1103 | D:1      | Found Gufenirch's Assorted Antiques.
  1110 | D:1      | Found Eddest's Armour Boutique.
  1112 | D:1      | Bought a scroll labelled FOONYBREHA for 27 gold pieces
  1274 | D:1      | Reached XP level 4. HP: 37/37 MP: 7/7
  1742 | D:2      | Found a runed translucent door.
  1743 | D:2      | Noticed Crazy Yiuf
  1846 | D:2      | Reached XP level 5. HP: 42/42 MP: 8/8
  2371 | D:3      | Found a bloodstained altar of Trog.
  2372 | D:3      | Found a sparkling altar of Nemelex Xobeh.
  2760 | D:4      | Reached XP level 6. HP: 49/49 MP: 10/10
  2877 | D:4      | Identified the ring "Gadimank" {rN+ SInv}
  2919 | D:4      | Noticed an ogre
  2933 | D:4      | Mangled by an ogre

Illustrated notes

Levels and vault maps discovered:
D:1:      roderic_octagonal_star, layout_rooms, serial_shops, shop, shop
D:2:      layout_basic, uniq_crazy_yiuf_cottage
D:3:      layout_rooms, mainiacjoe_overflow_divided_tiny
D:4:      layout_loops_ring, minitemple
D:5:      layout_basic, kennysheep_mini, minmay_temple_entry_slanted,
          serial_bayou_lake_a
D:6:      layout_basic, kennysheep_generic_room_9

Skill      XL: |  1  2  3  4  5  6 |
---------------+-------------------+-----
Spellcasting   | 1 2 3 |  3.0
Dodging        | 2 |  2.9
Ranged Weapons | 1 2 |  2.4
Fighting       | 4 |  4.4
Maces & Flails | |  2.0
Stealth        | |  6.0
Evocations     | |  0.7

Action                     |  1- 3 |  4- 6 || total
---------------------------+-------+-------++-------
  Melee: Rapier            |    23 |       ||    23
         Falchion          |    28 |    96 ||   124
   Fire: Sling             |    42 |   121 ||   163
  Throw: Boomerang         |     6 |       ||     6
         Throwing net      |       |     2 ||     2
Ability: Shaft Self        |       |     1 ||     1
    Use: Scroll            |     2 |       ||     2
   Stab: Sleeping          |     2 |     2 ||     4
         Held in net/web   |       |     2 ||     2
 Armour: Leather armour    |    47 |    93 ||   140
  Dodge: Dodged            |    61 |    85 ||   146

Table legend: (Time is in decaauts)
 A = Elapsed time spent in this place.
 B = Non-inter-level travel time spent in this place.
 C = Inter-level travel time spent in this place.
 D = Time resting spent in this place.
 E = Time spent auto-exploring this place.
 F = Levels seen in this place.
 G = Mean time per level.
                   A        B        C        D        E       F      G
               +--------+--------+--------+--------+--------+-----+--------+
         Total |   3018 |   2912 |    106 |    167 |   1517 |   6 |  503.0 |
       Dungeon |   3018 |   2912 |    106 |    167 |   1517 |   6 |  503.0 |
               +--------+--------+--------+--------+--------+-----+--------+

Top non-repeatable levels by time:
     D:2: 752 daAuts
     D:3: 690 daAuts
     D:4: 611 daAuts
     D:1: 577 daAuts
     D:6: 225 daAuts
     D:5: 161 daAuts
